 Dungeon Crawl Stone Soup version 0.29.1-13-g9f3cf754e1 (webtiles) character file.

Game seed: 15396701381649373425

739 Draazi the Cleaver (level 7, 58/58 HPs)
             Began as a Minotaur Fighter on Feb 8, 2023.
             Was an Initiate of the Shining One.
             Quit the game on level 5 of the Dungeon on Feb 9, 2023.
             The game lasted 01:16:39 (6135 turns).

Draazi the Cleaver (Minotaur Fighter)               Turns: 6135, Time: 01:16:39

Health: 58/58      AC:  6    Str: 23    XL:     7   Next: 46%
Magic:  6/6        EV:  9    Int:  5    God:    the Shining One [......]
Gold:   263        SH:  9    Dex:  9    Spells: 6/6 levels left

rFire   . . .      SeeInvis .   a - +0 war axe
rCold   . . .      Faith    .   c - +0 buckler
rNeg    + . .      Spirit   .   b - +1 scale mail
rPois   .          Reflect  +   (helmet restricted)
rElec   .          Harm     .   o - +0 cloak
rCorr   .          Rampage  .   (no gloves)
Will    .....                   (no boots)
Stlth   ..........              g - amulet of reflection
HPRegen 0.19/turn               t - ring of positive energy
MPRegen 0.10/turn               m - ring of wizardry

@: glowing
A: horns 2, retaliatory headbutt, deformed body, inability to read after injury
1
a: Renounce Religion


You were on level 5 of the Dungeon.
You worshipped the Shining One.
The Shining One was noncommittal.
You visited 1 branch of the dungeon, and saw 5 of its levels.

You collected 263 gold pieces.

Inventory:

Hand Weapons
 a - a +0 war axe (weapon)
 r - a +1 dagger of protection
Missiles
 n - a throwing net
Armour
 b - a +1 scale mail (worn)
 c - a +0 buckler (worn)
 o - a +0 cloak (worn)
Jewellery
 e - an amulet of guardian spirit
 g - an amulet of reflection (around neck)
 m - a ring of wizardry (right hand)
 t - a ring of positive energy (left hand)
Wands
 q - a wand of mindburst (10) (quivered)
Scrolls
 h - a scroll of silence
 v - 4 scrolls of teleportation
Potions
 d - 2 potions of might
 f - a potion of mutation
 i - a potion of cancellation
 j - a potion of brilliance {unknown}
 k - 2 potions of magic
 l - 4 potions of curing
 p - a potion of resistance {unknown}
 s - a potion of haste {unknown}
 u - a potion of heal wounds {unknown}


   Skills:
 - Level 3.7 Fighting
 + Level 9.0 Axes
 - Level 3.7 Armour
 - Level 3.7 Shields
 + Level 3.3 Evocations


You had 6 spell levels left.
You didn't know any spells.
Your spell library contained the following spells:

 Spells                   Type           Power      Damage    Failure   Level
 Ozocubu's Armour         Ice            0%         N/A       87%         3
 Fulminant Prism          Conj/Hex       0%         3d6       99%         4
 Hailstorm                Conj/Ice       0%         3d3       99%         4
 Ice Form                 Ice/Tmut       0%         N/A       99%         4
 Iskenderun's Mystic Bla  Conj/Tloc      0%         2d3       99%         4
 Summon Ice Beast         Ice/Summ       0%         N/A       99%         4
 Lee's Rapid Deconstruct  Erth           0%         3d5*      100%        5
 Metabolic Englaciation   Hex/Ice        0%         N/A       100%        5
 Summon Mana Viper        Hex/Summ       0%         N/A       100%        5
 Simulacrum               Ice/Necr       0%         N/A       100%        6
 Monstrous Menagerie      Summ           0%         N/A       100%        7


Dungeon Overview and Level Annotations

Branches:
Dungeon (5/15)
 Temple: D:4-7

Altars:
Cheibriados
Makhleb
Trog
The Shining One


Innate Abilities, Weirdness & Mutations

You have a pair of horns on your head.
You reflexively headbutt those who attack you in melee.
Armour fits poorly on your strangely shaped body.
You occasionally lose the ability to read scrolls when taking damage.


Message History

That felt strangely unrewarding.
You now have 263 gold pieces (gained 10).
You start resting.
Your attacks no longer feel as feeble.
HP restored.
You feel a little less mighty now.
You open the door.
There is an open door here.
You open the door.
There is an open door here.
There is an open door here.
You open the door.
There is an open door here.
v - 4 scrolls of teleportation (gained 3)
There is an open door here.
There is an open door here.
There is an open door here.
You see here a +0 hand axe.
Done exploring.
Done exploring.
As you read the scroll labelled JEYC ORER QUHA, it crumbles to dust.
Your body is wracked with pain!
The Shining One forgives your inadvertent evil act, just this once.
It was a scroll of torment.
You start resting.
HP restored.
As you read the scroll labelled HAKHLI AHYU, it crumbles to dust.
Magic quickly surges around you.
It was a scroll of vulnerability.
You start waiting.
You feel your willpower return.
Done exploring.
Save game and exit?
Welcome back, Draazi the Minotaur Fighter.
The Shining One says: Lead the forces of light to victory!
Press ? for a list of commands and other information.
Save game and exit?
Welcome back, Draazi the Minotaur Fighter.
The Shining One says: Lead the forces of light to victory!
Press ? for a list of commands and other information.
Are you sure you want to abandon this character and quit the game? (Confirm with "yes".)

#......# #..............####'#
#......# #....##'####.........
#......######....#.....#.........
.................#.....'.........
.................#..####.........
...).............#..#.....####...
.................#..#.....# #...
........##+##....#..#.....# #...
........#...#...@##+#.....# #...
........'...#####.........# #...
........#...'...#.........# #...
........######..#....###### ####
..####.......#..#....# ..#
#.......######### ..# #[......#
..# #.......# ..# #.......#


There were no monsters in sight!

Vanquished Creatures
  2 smoke demons
  An orange demon (D:5)
  Grinder (D:5)
  A neqoxec (D:5)
  An ice beast (D:5)
  A necrophage (D:4)
  A scorpion (D:4)
  4 hounds
  2 iguanas (D:5)
  8 adders
  A white imp (D:5)
  6 worms (D:4)
  The ghost of Sapher the Digger, a weakling MeEE (D:4)
  2 dart slugs
  2 orcs
  4 endoplasms
  A giant cockroach (D:2)
  7 goblins
  4 hobgoblins
  4 jackals (D:1)
  2 kobolds (D:2)
  A quokka (D:1)
  2 ball pythons (D:2)
  9 bats
  A frilled lizard (D:2)
  5 rats
74 creatures vanquished.

Notes
Turn   | Place    | Note
-------+----------+-------------------------------------------
     0 | D:1      | Draazi the Minotaur Fighter began the quest for the Orb.
     0 | D:1      | Reached XP level 1. HP: 19/19 MP: 0/0
   223 | D:1      | Reached skill level 3 in Axes
   225 | D:1      | Reached XP level 2. HP: 21/27 MP: 1/1
   918 | D:1      | Reached skill level 4 in Axes
  1454 | D:2      | Reached XP level 3. HP: 33/33 MP: 2/2
  1889 | D:2      | Found a faded altar of an unknown god.
  1940 | D:2      | Reached skill level 5 in Axes
  2533 | D:3      | Reached XP level 4. HP: 38/40 MP: 3/3
  3409 | D:3      | Found a burning altar of Makhleb.
  3414 | D:3      | Became a worshipper of Makhleb the Destroyer
  3425 | D:3      | Found a glowing golden altar of the Shining One.
  3428 | D:3      | Fell from the grace of Makhleb
  3428 | D:3      | Became a worshipper of the Shining One
  3579 | D:4      | Reached skill level 6 in Axes
  3779 | D:4      | Noticed a necrophage
  3800 | D:4      | Killed a necrophage
  3801 | D:4      | Reached XP level 5. HP: 46/46 MP: 4/4
  3840 | D:4      | Found a snail-covered altar of Cheibriados.
  3885 | D:4      | Found a runed translucent door.
  3887 | D:4      | Noticed Sapher's ghost (weakling MeEE)
  3970 | D:4      | Found a bloodstained altar of Trog.
  3996 | D:4      | Reached skill level 7 in Axes
  4026 | D:4      | Killed Sapher's ghost
  4280 | D:4      | Reached XP level 6. HP: 52/52 MP: 5/5
  4311 | D:4      | Noticed a smoke demon
  4319 | D:4      | Killed a smoke demon
  4733 | D:5      | Entered Level 5 of the Dungeon
  4733 | D:5      | Noticed an ice beast
  5053 | D:5      | Reached skill level 1 in Evocations
  5114 | D:5      | Noticed a smoke demon
  5121 | D:5      | Killed a smoke demon
  5457 | D:5      | Killed an ice beast
  5458 | D:5      | Reached skill level 8 in Axes
  5677 | D:5      | Reached XP level 7. HP: 58/58 MP: 6/6
  5677 | D:5      | Noticed a neqoxec
  5689 | D:5      | Gained mutation: You occasionally lose the ability to read
                  | scrolls when taking damage. [a neqoxec]
  5693 | D:5      | Gained mutation: Armour fits poorly on your strangely
                  | shaped body. [a neqoxec]
  5695 | D:5      | Killed a neqoxec
  5806 | D:5      | Noticed Grinder
  5812 | D:5      | Killed Grinder
  5813 | D:5      | Reached skill level 9 in Axes
  5814 | D:5      | Noticed an orange demon
  5825 | D:5      | Killed an orange demon
  6135 | D:5      | Quit the game

Illustrated notes

Levels and vault maps discovered:
D:1:      dpeg_arrival_radiant, layout_basic, minmay_misc_feat_secret_circle
D:2:      layout_loops_corners, ebering_ecumenical_altar_webs
D:3:      layout_basic, mainiacjoe_overflow_swirl
D:4:      layout_basic, mainiacjoe_overflow_24_doors, cheibriados_altar_1,
          hellmonk_ghost_happy_afterlife, nicolae_wormholes
D:5:      layout_gridville, chequers_serial_rivers_small_a,
          minmay_fractal_squares_diagonal_5, uniq_grinder

Skill      XL: |  1  2  3  4  5  6  7 |
---------------+----------------------+-----
Axes           | 3 4 5 6 7 8 9 |  9.0
Evocations     | 2 3 |  3.3
Fighting       | |  3.7
Armour         | |  3.7
Shields        | |  3.7

Action                   |  1- 3 |  4- 6 |  7- 9 || total
-------------------------+-------+-------+-------++-------
Melee: War axe           |    75 |   101 |    13 ||   189
       Headbutt          |     6 |    21 |     4 ||    31
Evoke: Wand              |       |     4 |       ||     4
  Use: Scroll            |     4 |     9 |     2 ||    15
       Potion            |       |       |     1 ||     1
Armor: Scale mail        |    20 |    40 |     4 ||    64
Dodge: Dodged            |    31 |    27 |     3 ||    61
Block: Buckler           |    31 |    36 |     3 ||    70
